 Dungeon Crawl Stone Soup version 0.21.1-1-g345015fe64 (webtiles) character file.

113 KingHarkinian the Magician (level 4, -3/32 HPs)
             Began as a Gnoll Wizard on Apr 16, 2018.
             Slain by an orc
             ... wielding a +0 falchion
              (8 damage)
             ... on level 4 of the Dungeon.
             The game lasted 00:11:46 (2411 turns).

KingHarkinian the Magician (Gnoll Wizard)           Turns: 2411, Time: 00:11:46

Health: -3/32      AC:  3    Str:  9    XL:     4   Next: 96%
Magic:  4/13       EV: 14    Int: 21    God:
Gold:   109        SH:  0    Dex: 14    Spells: 4/17 levels left

rFire    . . .     SeeInvis .   e - +2 short sword (venom)
rCold    . . .     Gourm    +   (no shield)
rNeg     . . .     Faith    .   a - +0 robe
rPois    .         Spirit   .   b - +0 hat
rElec    .         Reflect  .   (no cloak)
rCorr    .         Harm     .   l - +0 pair of gloves
MR       .....                  (no boots)
Stlth    +++.......             r - amulet of the gourmand
HPRegen  0.10/turn              g - -5 ring of slaying (curse)
MPRegen  0.13/turn              (no ring)

@: no status effects
A: distributed training, fangs 1, strong nose
a: no special abilities


You were on level 4 of the Dungeon.
You were very full.

You visited 1 branch of the dungeon, and saw 4 of its levels.

You collected 109 gold pieces.


Innate Abilities, Weirdness & Mutations

Your experience applies equally to all skills.
You have very sharp teeth.
Your uncanny sense of smell can sniff out nearby items.


   Skills:
 + Level 1.2 Fighting
 + Level 1.2 Short Blades
 + Level 1.2 Long Blades
 + Level 1.2 Axes
 + Level 1.2 Maces & Flails
 + Level 1.2 Polearms
 + Level 1.2 Staves
 + Level 1.2 Slings
 + Level 1.2 Bows
 + Level 1.2 Crossbows
 + Level 1.2 Throwing
 + Level 1.2 Armour
 + Level 4.7 Dodging
 + Level 4.3 Stealth
 + Level 1.2 Shields
 + Level 1.2 Unarmed Combat
 + Level 7.2 Spellcasting
 + Level 2.3 Conjurations
 + Level 1.0 Hexes
 + Level 1.0 Charms
 + Level 2.3 Summonings
 + Level 1.0 Necromancy
 + Level 2.3 Translocations
 + Level 1.0 Transmutations
 + Level 1.0 Fire Magic
 + Level 1.0 Ice Magic
 + Level 1.0 Air Magic
 + Level 1.0 Earth Magic
 + Level 1.0 Poison Magic
 + Level 1.4 Invocations
 + Level 1.2 Evocations


You had 4 spell levels left.
You knew the following spells:

 Your Spells              Type           Power        Failure   Level  Hunger
a - Magic Dart            Conj           ###.         3%          1    None
b - Blink                 Tloc           N/A          4%          2    None
c - Call Imp              Summ           ###.....     4%          2    None
d - Slow                  Hex            ##......     9%          2    None
e - Conjure Flame         Conj/Fire      ##......     13%         3    None
f - Mephitic Cloud        Conj/Pois/Air  ##......     14%         3    None

Inventory:

Hand Weapons
 e - a +2 short sword of venom (weapon)
Missiles
 f - 55 stones (quivered)
 k - 2 curare-tipped needles {=f}
Armour
 a - a +0 robe (worn)
 b - a +0 hat (worn)
 l - a +0 pair of gloves (worn)
Jewellery
 g - a cursed -5 ring of slaying (left hand)
 r - an amulet of the gourmand (around neck)
Wands
 p - a wand of paralysis (18)
Scrolls
 i - a scroll of enchant armour {unknown}
 t - a scroll of enchant weapon {unknown}
Potions
 h - a potion of lignification {unknown}
 j - a potion of ambrosia {unknown}
 m - 4 potions of curing {@q1}
 n - a potion of agility {unknown}
 o - a potion of heal wounds {unknown}
 q - a potion of flight {unknown}
 s - a potion of magic {unknown}
Books
 c - a book of Minor Magic

   Spells                             Type                      Level
   a - Magic Dart                     Conjuration                  1
   b - Blink                          Translocation                2
   c - Call Imp                       Summoning                    2
   d - Slow                           Hexes                        2
   e - Conjure Flame                  Conjuration/Fire             3
   f - Mephitic Cloud                 Conjuration/Poison/Air       3
Comestibles
 d - 4 rations

Dungeon Overview and Level Annotations

Branches:
Dungeon (4/15)
 Temple: D:4-7

Altars:
Fedhas
Nemelex Xobeh
Wu Jian

∆ .. . # .
. #. .# ..
.####.#.##
........#
#....#..#
#@......#
#.o.....#
#..#...<#
#..# ...#
#..# ..#
#..# .#
#..# #
....


You could see an orc.


Message History

The orc hits you with a falchion!
* * * LOW HITPOINT WARNING * * *
Aiming: Magic Dart
Aim: an orc, wielding a falchion and wearing a chain mail (severely wounded)
The magic dart hits the orc.
The orc is severely wounded.
Aiming: Magic Dart
Aim: an orc, wielding a falchion and wearing a chain mail (severely wounded)
The magic dart hits the orc.
The orc is severely wounded.
The orc hits you with a falchion.
* * * LOW HITPOINT WARNING * * *
You can't go up here!
The orc hits you with a falchion.
* * * LOW HITPOINT WARNING * * *
You climb downwards.
Found an escape hatch in the ceiling.
There is a stone staircase leading up here.
Aiming: Magic Dart
Aim: an orc, wielding a falchion and wearing a chain mail (heavily wounded)
The magic dart hits the orc.
The orc is heavily wounded.
The orc hits you with a falchion.
* * * LOW HITPOINT WARNING * * *
You hit the orc but do no damage.
The orc is poisoned.
Your punch misses the orc.
The orc is heavily wounded.
The orc hits you with a falchion!
You die...

Action                   |  1- 3 |  4- 6 || total
-------------------------+-------+-------++-------
Melee: Short sword       |     3 |    12 ||    15
       Bite              |       |     3 ||     3
Throw: Stone             |       |     2 ||     2
 Cast: Magic Dart        |    90 |    34 ||   124
  Use: Scroll            |     2 |       ||     2
  Eat: Chunk             |     5 |     7 ||    12
Armor: Robe              |     2 |       ||     2
Dodge: Dodged            |    14 |     8 ||    22

Vault maps used:
D:1:      sevenhm_arrival_forest_fort_small_5, nemelex_diamond_rough_becter
D:2:      overflow_temple_1_default
D:3:      fedhas_altar_1
D:4:      kennysheep_kobold_camp, first_ration,
          minmay_a_box_with_orc_wizards_in_it

Notes
Turn   | Place    | Note
-------+----------+-------------------------------------------
     0 | D:1      | KingHarkinian the Gnoll Wizard began the quest for the Orb.
     0 | D:1      | Reached XP level 1. HP: 13/13 MP: 8/8
   397 | D:1      | Reached skill level 2 in Conjurations
   397 | D:1      | Reached skill level 2 in Summonings
   397 | D:1      | Reached skill level 2 in Translocations
   451 | D:1      | Reached XP level 2. HP: 19/19 MP: 3/10
   455 | D:1      | Learned a level 2 spell: Blink
   458 | D:1      | Learned a level 2 spell: Call Imp
   461 | D:1      | Learned a level 2 spell: Slow
   520 | D:1      | Found a sparkling altar of Nemelex Xobeh.
  1047 | D:1      | Reached XP level 3. HP: 25/25 MP: 3/11
  1056 | D:1      | Learned a level 3 spell: Conjure Flame
  1060 | D:1      | Learned a level 3 spell: Mephitic Cloud
  1326 | D:2      | Found an ornate altar of the Wu Jian Council.
  1763 | D:3      | Reached skill level 1 in Invocations
  2115 | D:3      | Reached skill level 1 in Fighting
  2115 | D:3      | Reached skill level 1 in Short Blades
  2115 | D:3      | Reached skill level 1 in Long Blades
  2115 | D:3      | Reached skill level 1 in Axes
  2115 | D:3      | Reached skill level 1 in Maces & Flails
  2115 | D:3      | Reached skill level 1 in Polearms
  2115 | D:3      | Reached skill level 1 in Staves
  2115 | D:3      | Reached skill level 1 in Slings
  2115 | D:3      | Reached skill level 1 in Bows
  2115 | D:3      | Reached skill level 1 in Crossbows
  2115 | D:3      | Reached skill level 1 in Throwing
  2115 | D:3      | Reached skill level 1 in Armour
  2115 | D:3      | Reached skill level 1 in Shields
  2115 | D:3      | Reached skill level 1 in Unarmed Combat
  2115 | D:3      | Reached skill level 1 in Evocations
  2115 | D:3      | Reached XP level 4. HP: 32/32 MP: 7/13
  2390 | D:3      | Found a blossoming altar of Fedhas.
  2401 | D:3      | Reached skill level 1 in Hexes
  2401 | D:3      | Reached skill level 1 in Charms
  2401 | D:3      | Reached skill level 1 in Necromancy
  2401 | D:3      | Reached skill level 1 in Transmutations
  2401 | D:3      | Reached skill level 1 in Fire Magic
  2401 | D:3      | Reached skill level 1 in Ice Magic
  2401 | D:3      | Reached skill level 1 in Air Magic
  2401 | D:3      | Reached skill level 1 in Earth Magic
  2401 | D:3      | Reached skill level 1 in Poison Magic
  2411 | D:4      | Slain by an orc

Vanquished Creatures
  2 orc wizards (D:3)
  An ooze (D:1)
  2 worms
  A dart slug (D:2)
  A leopard gecko (D:3)
  7 orcs
  2 ball pythons (D:1)
  5 goblins
  2 hobgoblins
  2 jackals (D:1)
  3 bats
  4 frilled lizards (D:2)
  8 kobolds
40 creatures vanquished.
